 Dungeon Crawl Stone Soup version 0.30-a0-912-ge10d75a369 (webtiles) character file.

Game seed: 15718297801904805198

154 CrazyBamboolord the Insei (level 5, -1/38 HPs)
             Began as a Merfolk Transmuter on Mar 19, 2023.
             Killed by divine providence
             ... invoked by an orc priest
              (10 damage)
             ... on level 3 of the Dungeon.
             The game lasted 00:06:20 (2423 turns).

CrazyBamboolord the Insei (Merfolk Transmuter)      Turns: 2423, Time: 00:06:20

Health: -1/38      AC:  3    Str: 17    XL:     5   Next: 35%
Magic:  9/9        EV: 13    Int: 14    God:
Gold:   88         SH:  0    Dex: 14    Spells: 1/9 levels left

rFire   . . .      SeeInvis +      - Unarmed
rCold   . . .      Faith    .    (no shield)
rNeg    . . .      Spirit   .    a - +0 robe
rPois   .          Reflect  .    (helmet currently unavailable)
rElec   .          Rampage  .    p - +0 cloak
rCorr   .                        (no gloves)
Will    .....                    (boots currently unavailable)
Stlth   +                        (no amulet)
HPRegen 0.26/turn                b - ring of see invisible
MPRegen 0.11/turn                j - +6 ring of strength

@: appendages (expiring)
A: horns 2, (nimble swimmer 2), mertail
a: End Transformation


You were on level 3 of the Dungeon.
You had temporarily grown beastly horns.
You visited 1 branch of the dungeon, and saw 3 of its levels.

You collected 88 gold pieces.

Inventory:

Armour
 a - a +0 robe (worn)
 p - a +0 cloak (worn)
Jewellery
 b - a ring of see invisible (left hand)
 j - a +6 ring of strength (right hand)
Wands
 o - a wand of flame (15)
 q - a wand of paralysis (11)
Scrolls
 c - a scroll of torment {unknown}
 g - a scroll of immolation
 i - 3 scrolls of silence {unknown}
 k - a scroll of amnesia {unknown}
Potions
 d - a potion of brilliance {unknown}
 e - 2 potions of ambrosia
 h - a potion of might {unknown}
 l - a potion of resistance {unknown}
 m - 2 potions of mutation {unknown}
 n - 3 potions of degeneration {unknown}


   Skills:
 * Level 1.9 Fighting
 * Level 3.4 Dodging
 + Level 0.4 Stealth
 * Level 4.4 Unarmed Combat
 * Level 2.8 Spellcasting
 * Level 3.7 Transmutations
 * Level 1.4 Poison Magic


You had one spell level left.
You knew the following spells:

 Your Spells              Type           Power      Damage    Failure   Level
a - Beastly Appendage     Tmut           24%        N/A       4%          1
b - Wereblood             Tmut           12%        N/A       7%          2
c - Spider Form           Tmut/Pois      9%         N/A       22%         3
d - Passwall              Tmut/Erth      5%         N/A       16%         2

Your spell library contained the following spells:

 Spells                   Type           Power      Damage    Failure   Level
 Ensorcelled Hibernation  Hex/Ice        2%         N/A       32%         2
 Static Discharge         Conj/Air       2%         2-3/arc   32%         2
 Gell's Gravitas          Tloc           1%         N/A       54%         3
 Swiftness                Air            1%         N/A       54%         3
 Teleport Other           Tloc           1%         N/A       54%         3
 Vhi's Electric Charge    Tloc/Air       2%         N/A       54%         3
 Ice Form                 Ice/Tmut       7%         N/A       69%         4
 Arcjolt                  Conj/Air       0%         1d10      99%         5
 Plasma Beam              Fire/Air       0%         2x1d11    99%         5
 Dispersal                Tloc           0%         N/A       100%        6


Dungeon Overview and Level Annotations

Branches:
Dungeon (3/15)

Altars:
Yredelemnul

Shops:
D:2 *   D:3 =


Innate Abilities, Weirdness & Mutations

You have temporarily grown beastly horns.
((You are very nimble when in or above water. (Stealth+, EV+, Speed+++)))
Your lower body shifts to a powerful aquatic tail in water.


Message History

You kill the rat!
You hear a shout! x2
An endoplasm and an orc wizard come into view.
The orc wizard shouts!
You hear a shout!
The orc wizard casts a spell.
The orc wizard flickers and vanishes for a moment.
The endoplasm quivers.
You see here a rat corpse.
The orc shouts!
You hear a shout!
You barely miss the orc wizard. The orc wizard barely misses you.
The orc attacks as you move away! The orc hits you with a +0 flail.
The orc priest invokes the aid of Beogh against you.
Beogh smites you!
You see here a rat corpse.
The orc wizard attacks as you move away!
The orc wizard hits you with a +0 whip.
Your transformation is almost over.
The orc wizard attacks as you move away!
The orc wizard barely misses you.
The orc priest calls down the wrath of Beogh upon you.
Pain shoots through your body!
* * * LOW HITPOINT WARNING * * *
The orc wizard attacks as you move away!
The orc wizard barely misses you.
Found a stone staircase leading down.
The orc wizard casts a spell.
The orc wizard flickers and vanishes for a moment.
The orc hits you with a +0 flail.
* * * LOW HITPOINT WARNING * * *
As you read the scroll of butterflies, it crumbles to dust.
You hear the flapping of tiny wings.
The endoplasm is knocked back by the sudden gust.
The orc wizard is knocked back by the sudden gust.
The orc is knocked back by the sudden gust.
The orc priest misses your butterfly. x2
You swap places.
An endoplasm comes into view.
The orc wizard barely misses your butterfly.
The orc priest calls down the wrath of Beogh upon you.
Beogh smites you!
You die...

##.......#..... ....
......b........ # ....
#..o........ .>b..
###bo†.####### J...b#
#bb.ob....#
.b.b.###bob..###....
....bbbbb.b..### ...
....##bbbbbbo..... .
#...##b@#bb.b......
#...##.b#bb.bb#....
#....#.b#..bb.....#
###.......#.b...###..
#........b..b.### #.
########<.....###b..##
....##........##...##
....#..##.....#....#
......###.<......###


You could see an orc priest (ally target), 2 orc wizards, 2 orcs and an
endoplasm (asleep).

Vanquished Creatures
  Crazy Yiuf (D:2)
  Terence (D:2)
  A gnoll (D:1)
  2 adders (D:2)
  An ufetubus (D:3)
  A worm (D:2)
  3 dart slugs
  4 bats
  5 endoplasms
  2 giant cockroaches (D:1)
  5 goblins
  5 hobgoblins
  2 jackals (D:2)
  3 quokkas
  8 ball pythons
  A frilled lizard (D:2)
  6 kobolds
  7 rats
58 creatures vanquished.

Notes
Turn   | Place    | Note
-------+----------+-------------------------------------------
     0 | D:1      | CrazyBamboolord the Merfolk Transmuter began the quest for
                  | the Orb.
     0 | D:1      | Reached XP level 1. HP: 15/15 MP: 3/3
   318 | D:1      | Reached XP level 2. HP: 21/21 MP: 5/5
   574 | D:1      | Reached XP level 3. HP: 25/26 MP: 4/6
   577 | D:1      | Learned a level 2 spell: Wereblood
   581 | D:1      | Learned a level 3 spell: Spider Form
  1191 | D:2      | Reached skill level 4 in Unarmed Combat
  1261 | D:2      | Reached XP level 4. HP: 31/32 MP: 7/7
  1325 | D:2      | Learned a level 2 spell: Passwall
  1414 | D:2      | Reached skill level 1 in Poison Magic
  1563 | D:2      | Found a basalt altar of Yredelemnul.
  1916 | D:2      | Found Ecaofa's Assorted Antiques.
  1967 | D:2      | Found a runed translucent door.
  1968 | D:2      | Noticed Crazy Yiuf
  2060 | D:2      | Noticed Terence
  2071 | D:2      | Killed Terence
  2072 | D:2      | Reached XP level 5. HP: 30/38 MP: 4/9
  2188 | D:2      | Killed Crazy Yiuf
  2314 | D:3      | Found Ziwnej's Jewellery Boutique.
  2423 | D:3      | Killed from afar by an orc priest

Illustrated notes

Levels and vault maps discovered:
D:1:      dpeg_cavernosity, layout_loops_ring, minmay_misc_feat_square,
          minmay_liquid_box, minmay_hedge_maze, corexii_hall_statues_s,
          kennysheep_doodads, hex_tiny, minmay_crystal_room
D:2:      layout_basic, basic_altar, serial_shops, nicolae_shop_trees,
          uniq_crazy_yiuf_cottage, uniq_terence
D:3:      layout_rooms, mainiacjoe_overflow_surrounded_room, serial_shops, shop,
          shop, shop, nicolae_shop_bloodbath_and_beyond,
          ebering_ecumenical_altar_petrified, biasface_ghost_orc_armoury

Skill      XL: |  1  2  3  4 |
---------------+-------------+-----
Transmutations | 3 |  3.7
Dodging        | 3 |  3.4
Unarmed Combat | 4 |  4.4
Poison Magic   | 1 |  1.4
Fighting       | |  1.9
Stealth        | |  0.4
Spellcasting   | |  2.8

Action                     |  1- 3 |  4- 6 || total
---------------------------+-------+-------++-------
  Melee: Unarmed           |    81 |    73 ||   154
         Headbutt          |    11 |    10 ||    21
         Punch             |     2 |     2 ||     4
   Cast: Beastly Appendage |    23 |    17 ||    40
         Spider Form       |       |     2 ||     2
    Use: Potion            |     2 |       ||     2
         Scroll            |     1 |     3 ||     4
   Stab: Sleeping          |     1 |     1 ||     2
 Armour: Skin              |     2 |       ||     2
         Robe              |    14 |    10 ||    24
  Dodge: Dodged            |    45 |    45 ||    90

Table legend: (Time is in decaauts)
 A = Elapsed time spent in this place.
 B = Non-inter-level travel time spent in this place.
 C = Inter-level travel time spent in this place.
 D = Time resting spent in this place.
 E = Time spent auto-exploring this place.
 F = Levels seen in this place.
 G = Mean time per level.
                   A        B        C        D        E       F      G
               +--------+--------+--------+--------+--------+-----+--------+
         Total |   2408 |   2344 |     64 |     72 |   1776 |   3 |  802.7 |
       Dungeon |   2408 |   2344 |     64 |     72 |   1776 |   3 |  802.7 |
               +--------+--------+--------+--------+--------+-----+--------+

Top non-repeatable levels by time:
     D:1: 1143 daAuts
     D:2: 1140 daAuts
     D:3: 124 daAuts
